 Dungeon Crawl Stone Soup version 0.15-a0-1950-gbc841a2 (webtiles) character file.

213 N00bl0rd the Nimble (level 5, 0/27 HPs)
             Began as a Spriggan Abyssal Knight on July 9, 2014.
             Was a Follower of Lugonu.
             Shot with a stone by a goblin (1 damage)
             ... on Level 2 of the Dungeon.
             The game lasted 00:04:57 (940 turns).

N00bl0rd the Nimble (Spriggan Abyssal Knight)        Turns: 940, Time: 00:04:57

HP   0/27        AC  2     Str  6 (8)  XL: 5   Next: 59%
MP  11/11        EV 24     Int 13      God: Lugonu [*.....]
Gold 96          SH  0     Dex 16 (17) Spells:  0 memorised,  4 levels left

rFire  . . .     SeeInvis +     j - +1 dagger (pain)
rCold  . . .     Clarity  .     b - +0 robe
rNeg   . . .     rCorr    .     (shield restricted)
rPois  .         rRot     .     (helmet restricted)
rElec  .         Spirit   .     (no cloak)
SustAb .         Warding  .     (gloves unavailable)
rMut   .         Stasis   .     (boots unavailable)
Gourm  .                        (no amulet)
MR     .....                    (no ring)
                                (no ring)

@: very quick, not resistant to hostile enchantments, unstealthy
A: unfitting armour, see invisible, herbivore 3, speed 3, slow metabolism 2
a: Depart the Abyss, Renounce Religion


You were on level 2 of the Dungeon.
You worshipped Lugonu.
Lugonu was aware of your devotion.
You were not hungry.

You visited 1 branch of the dungeon, and saw 2 of its levels.
You visited the Abyss 1 time.

You collected 96 gold pieces.

Inventory:

Hand weapons
 a - a +1 spear
 j - a +1 dagger of pain (weapon)
Armour
 b - a +0 robe (worn)
Comestibles
 d - a bread ration
 g - 6 fruits
 h - a slice of pizza
Scrolls
 e - 2 scrolls of teleportation {unknown}
 f - 2 scrolls of identify {unknown}
 i - a scroll of magic mapping {unknown}
 k - a scroll of enchant armour {unknown}
Potions
 c - a potion of porridge


   Skills:
 + Level 2.4 Fighting
 * Level 0.2 Short Blades
 - Level 1.3 Polearms
 * Level 8.7 Dodging
 + Level 0.4 Stealth
 + Level 1.8 Invocations


You had 4 spell levels left.
You didn't know any spells.

Dungeon Overview and Level Annotations

Branches:
Dungeon (2/15)

Altars:


Innate Abilities, Weirdness & Mutations

You are tiny and cannot use many weapons and most armour.
You have supernaturally acute eyesight.
You are a herbivore.
You cover ground extremely quickly.
You need consume almost no food.


Message History

Unknown command.
You hit the kobold.
The kobold is severely wounded.
The kobold misses you.
You hit the kobold.
You kill the kobold!
Lugonu accepts your kill. The kobold hits you.
You closely miss the kobold. The kobold completely misses you.
The goblin shoots a stone.
The stone hits you.
You closely miss the kobold. The kobold hits you.
You closely miss the kobold.
The goblin shoots a stone.
The stone hits you.
* * * LOW HITPOINT WARNING * * *
x3 The kobold completely misses you.
You are too injured to fight recklessly!
You are too injured to fight recklessly!
You are too injured to fight recklessly!
The goblin shoots a stone.
The stone hits you.
* * * LOW HITPOINT WARNING * * *
x2 You die...

.. ........ ...
.........
..##.$.......
..............
#.##..g.......
#.##.##K.)........
#.....((.(%.......
...##.##..?........
#.##@(........#
#.##.(........
#.............
#<.##.##......
#..##.# #..##
#..##.# ..# #..##..
.. ..##### ...#


You could see a goblin and a kobold.

Vanquished Creatures
  2 small abominations (Abyss:1)
  5 bats
  A giant cockroach (D:1)
  3 hobgoblins
  A giant gecko (D:1)
  2 goblins (D:1)
  4 kobolds
  3 rats (D:1)
21 creatures vanquished.

Vanquished Creatures (others)
  2 starspawn tentacles (Abyss:1)
  71 starspawn tentacle segments (Abyss:1)
73 creatures vanquished.

Grand Total: 94 creatures vanquished

Notes
Turn   | Place    | Note
--------------------------------------------------------------
     0 | Abyss:1  | N00bl0rd, the Spriggan Abyssal Knight, began the quest for the Orb.
     0 | Abyss:1  | Reached XP level 1. HP: 11/11 MP: 2/2
    69 | Abyss:1  | Noticed a small abomination
    96 | Abyss:1  | Noticed a small abomination
    96 | Abyss:1  | Killed a small abomination
    96 | Abyss:1  | Reached skill level 7 in Dodging
    96 | Abyss:1  | Reached XP level 2. HP: 16/16 MP: 4/4
    96 | Abyss:1  | Reached XP level 3. HP: 19/19 MP: 6/6
    96 | Abyss:1  | Reached XP level 4. HP: 23/23 MP: 9/9
   139 | Abyss:1  | Noticed an ancient zyme
   139 | Abyss:1  | Killed a small abomination
   139 | Abyss:1  | Reached skill level 8 in Dodging
   139 | Abyss:1  | Reached XP level 5. HP: 27/27 MP: 11/11
   166 | Abyss:1  | Noticed a neqoxec
   203 | Abyss:1  | Noticed a large abomination
   212 | Abyss:1  | Noticed a neqoxec
   226 | Abyss:1  | Noticed a sun demon
   242 | Abyss:1  | Noticed a tentacled starspawn
   242 | Abyss:1  | Noticed a tentacled starspawn
   243 | Abyss:1  | Noticed a small abomination
   257 | D:1      | Escaped the Abyss
   564 | D:1      | Acquired Lugonu's first power
   940 | D:2      | HP: 1/27 [goblin/ stone (1)]
   940 | D:2      | Shot with a stone by a goblin

Action                   |  1- 3 |  4- 6 || total
-------------------------+-------+-------++-------
Melee: Spear             |     8 |    68 ||    76
       Dagger            |       |    40 ||    40
Invok: Depart the Abyss  |       |     1 ||     1
 Stab: Sleeping          |       |     1 ||     1
